 Dungeon Sprint DCSS version 0.17-a0-1691-g18a3847 (webtiles) character file.

135 Kidiri the Covert (level 4, 0/21 HPs)
             Began as a Spriggan Enchanter on Aug 20, 2015.
             Slain by a shadow (11 damage)
             ... in the Dungeon (Sprint III: "The Ten Rune Challenge").
             The game lasted 00:03:24 (777 turns).

Kidiri the Covert (Spriggan Enchanter)               Turns: 777, Time: 00:03:24

Health: 0/21       AC:  3    Str:  2    XL:     4   Next: 97%
Magic:  0/13       EV: 24    Int: 16    God:
Gold:   19         SH:  0    Dex: 19    Spells: 5 memorised, 3 levels left

rFire  . . .     SeeInvis +     a - +1 dagger
rCold  . . .     Clarity  .     m - +0 robe {MR+}
rNeg   . . .     SustAt   .     (shield restricted)
rPois  .         Gourm    .     (helmet restricted)
rElec  +         Spirit   .     b - +0 cloak
rCorr  .         Warding  .     (gloves unavailable)
rMut   .         NoTele   +     (boots unavailable)
MR     +....                    (no amulet)
Stlth  +++++.....               (no ring)
                                (no ring)

@: very quick, somewhat resistant to hostile enchantments, quite stealthy
A: unfitting armour, see invisible, agile 1, herbivore 3, speed 3, electricity
resistance, slow metabolism 2, weak 1
a: no special abilities


You were in the Dungeon.
You were not hungry.

You visited 1 branch You collected 19 gold pieces.

Inventory:

Hand weapons
 a - a +1 dagger (weapon)
Armour
 b - a +0 cloak (worn)
 m - a +0 robe of magic resistance (worn)
Scrolls
 j - a scroll of blinking
 n - 2 scrolls of torment
 p - 2 scrolls of remove curse
Potions
 e - 2 potions of curing
 f - a potion of heal wounds
 g - a potion of haste
 h - 2 potions of magic
 i - a potion of berserk rage
 k - a potion of might
 r - a potion of cure mutation
 s - 4 potions of flight
Comestibles
 d - a bread ration
 q - 2 royal jellies


   Skills:
 + Level 3.5 Short Blades
 * Level 7.3 Dodging
 * Level 8.6 Stealth
 * Level 6.2 Spellcasting
 + Level 1.2 Conjurations
 + Level 5.3 Hexes
 + Level 1.4 Ice Magic


You had 3 spell levels left.
You knew the following spells:

 Your Spells              Type           Power        Failure   Level  Hunger
a - Corona                Hex            ###....      1%          1    None
b - Ensorcelled Hibernat  Hex/Ice        ###...       8%          2    None
c - Confuse               Hex            ###.....     6%          3    ##.....
d - Tukima's Dance        Hex            ###.....     6%          3    ##.....
e - Dazzling Spray        Conj/Hex       ###.....     12%         3    ##.....


Dungeon Overview and Level Annotations

Branches:
Dungeon (1/1)

Altars:


Innate Abilities, Weirdness & Mutations

You are tiny and cannot use many weapons and most armour.
You have supernaturally acute eyesight.
You are a herbivore.
You cover ground extremely quickly.
You need consume almost no food.
You are agile. (Dex +2)
You are resistant to electric shocks.
You are weak. (Str -2)


Message History

Confirm with . or Enter, or press ? or * to list all spells.
Aiming: Dazzling Spray
Press: ? - help, Shift-Dir - straight line, f/p - shadow
Aim: a shadow (severely damaged, slightly transparent)
The spray of energy hits the shadow.
The shadow is severely damaged.
Casting: Dazzling Spray
Confirm with . or Enter, or press ? or * to list all spells.
Aiming: Dazzling Spray
Press: ? - help, Shift-Dir - straight line, f/p - shadow
Aim: a shadow (severely damaged, slightly transparent)
The spray of energy misses the shadow.
You hit the shadow but do no damage.
The shadow is severely damaged.
The shadow hits you!
You barely miss the shadow.
The shadow is severely damaged.
The shadow hits you!
Ouch! That really hurt!
You die...

▓.....#....≈.♣♣♣♣.###+#+##
▓.....#...≈≈♣♣....#.......
▓.....#..≈≈≈≈♣♣.♣.'.⌠.....
▓####'#..≈≈≈≈≈≈...#...####
▓.....#.≈≈≈≈≈≈....#.⌠.# #
▓.).%.#.≈≈≈≈≈.....#...# #
▓....[#.≈≈≈.......#+### #
▓'#####...........# #
▓........@W.......# +
▓▓▓▓▓▓▓▓▓▓▓▓▓▓▓▓▓▓▓ ▓


You could see a shadow.

Vanquished Creatures
  A water elemental (D)
  Crazy Yiuf (D)
  Jessica (D)
  A human (D)
  An ooze (D)
  2 rats (D)
7 creatures vanquished.

Vanquished Creatures (others)
  2 draconian scorchers (D)
  2 yaktaurs (D)
  3 plants (D)
7 creatures vanquished.

Grand Total: 14 creatures vanquished

Notes
Turn   | Place    | Note
--------------------------------------------------------------
     0 | D        | Kidiri the Spriggan Enchanter began the quest for the Orb.
     0 | D        | Reached XP level 1. HP: 9/9 MP: 5/5
     9 | D        | Reached skill level 5 in Stealth
   177 | D        | Noticed Jessica
   182 | D        | Killed Jessica
   182 | D        | Reached skill level 5 in Dodging
   182 | D        | Reached skill level 6 in Stealth
   182 | D        | Reached XP level 2. HP: 13/13 MP: 5/8
   182 | D        | Reached XP level 3. HP: 16/16 MP: 6/10
   210 | D        | Killed a white draconian scorcher
   232 | D        | Learned a level 2 spell: Ensorcelled Hibernation
   236 | D        | Learned a level 3 spell: Confuse
   240 | D        | Learned a level 3 spell: Tukima's Dance
   268 | D        | Reached skill level 7 in Stealth
   268 | D        | Reached skill level 5 in Spellcasting
   287 | D        | Killed a white draconian scorcher
   314 | D        | Killed a yaktaur
   392 | D        | Killed a yaktaur
   561 | D        | Learned a level 3 spell: Dazzling Spray
   567 | D        | Noticed Crazy Yiuf
   574 | D        | Killed Crazy Yiuf
   574 | D        | Reached XP level 4. HP: 21/21 MP: 12/12
   600 | D        | Gained mutation: You have a somewhat thin skeletal structure (Dex +2, Stealth). [potion of mutation]
   600 | D        | Lost mutation: You have a somewhat thin skeletal structure (Dex +2, Stealth). [potion of mutation]
   600 | D        | Gained mutation: Armour fits poorly on your strangely shaped body. [potion of mutation]
   601 | D        | Lost mutation: Armour fits poorly on your strangely shaped body. [potion of cure mutation]
   602 | D        | Gained mutation: You occasionally shout uncontrollably at your foes. [potion of mutation]
   602 | D        | Gained mutation: You are clumsy. (Dex -2) [potion of mutation]
   603 | D        | Lost mutation: You occasionally shout uncontrollably at your foes. [potion of cure mutation]
   603 | D        | Lost mutation: You are clumsy. (Dex -2) [potion of cure mutation]
   604 | D        | Gained mutation: You are resistant to electric shocks. [potion of mutation]
   604 | D        | Gained mutation: You are agile. (Dex +2) [potion of mutation]
   604 | D        | Gained mutation: You are weak. (Str -2) [potion of mutation]
   734 | D        | Noticed a water elemental
   737 | D        | Killed a water elemental
   737 | D        | Reached skill level 8 in Stealth
   737 | D        | Reached skill level 1 in Conjurations
   737 | D        | Reached skill level 5 in Hexes
   737 | D        | Reached skill level 1 in Ice Magic
   746 | D        | Noticed a jelly
   747 | D        | Noticed a shadow
   777 | D        | Slain by a shadow

Vault maps used:
D:        dungeon_sprint_mu

Action                   |  1- 3 |  4- 6 || total
-------------------------+-------+-------++-------
Melee: Dagger            |    21 |     3 ||    24
 Cast: Ensorcelled Hiber |     4 |       ||     4
       Dazzling Spray    |       |     5 ||     5
  Use: Potion            |       |     5 ||     5
       Scroll            |       |     3 ||     3
 Stab: Sleeping          |     4 |     1 ||     5
